 Dungeon Crawl Stone Soup version 0.31-a0-233-g139696dc86 (webtiles) character file.

Game seed: 124496311553855561

153 qw the Shooter (level 5, -1/30 HPs)
             Began as a Gargoyle Hexslinger on July 8, 2023.
             Slain by a black bear (5 damage)
             ... on level 3 of the Dungeon.
             The game lasted 00:00:57 (1770 turns).

qw the Shooter (Gargoyle Hexslinger)                Turns: 1770, Time: 00:00:58

Health: -1/30      AC: 10    Str: 11    XL:     5   Next: 35%
Magic:  6/6        EV: 10    Int: 14    God:
Gold:   119        SH:  0    Dex: 14    Spells: 5/6 levels left

rFire   . . .        Y - +1 sling
rCold   . . .        (no shield)
rNeg    + . .        g - +0 ring mail
rPois   inf          (no helmet)
rElec   +            (no cloak)
rCorr   .            j - +0 pair of gloves
SInv    .            (no boots)
Will    .....        (no amulet)
Stlth   +            (no ring)
HPRegen 0.25/turn    (no ring)
MPRegen 0.10/turn

%: no passive effects
@: about to teleport
A: sickness immunity, AC +4, negative energy resistance 1, electricity
resistance, torment resistance 1, petrification resistance
a: no special abilities


You were on level 3 of the Dungeon.
You visited 1 branch of the dungeon, and saw 3 of its levels.

You collected 119 gold pieces.


Innate Abilities, Weirdness & Mutations

You are immune to sickness and miasma.
Your stone body is resilient. (AC +4)
You are immune to poison.
You resist negative energy. (rN+)
You are resistant to electric shocks. (rElec)
You are resistant to unholy torment.
You are immune to petrification.


   Skills:
 - Level 2.0 Fighting
 + Level 4.8 Ranged Weapons
 - Level 1.5 Armour
 - Level 1.5 Dodging
 - Level 1.0 Spellcasting
 - Level 2.6 Hexes


You had 5 spell levels left.
You knew the following spells:

 Your Spells              Type           Power      Damage    Failure   Level
a - Slow                  Hex            32%        N/A       21%         1

Your spell library contained the following spells:

 Spells                   Type           Power      Damage    Failure   Level
 Inner Flame              Hex/Fire       4%         N/A       71%         3
 Portal Projectile        Hex/Tloc       8%         N/A       71%         3
 Cause Fear               Hex            4%         N/A       90%         4

Inventory:

Hand Weapons
 Y - a +1 sling (weapon)
Armour
 g - a +0 ring mail (worn)
 j - a +0 pair of gloves (worn)
Potions
 d - 3 potions of curing
 e - a potion of magic {unknown}
 f - a potion of brilliance {unknown}
 i - a potion of heal wounds {unknown}

Dungeon Overview and Level Annotations

Branches:
Dungeon (3/15)

Altars:

Annotations:
D:2 1 runed translucent door, Crazy Yiuf


Message History

The sling bullet barely misses the black bear.
The black bear bites you but does no damage.
The black bear claws you but does no damage. x2
You shoot a sling bullet.
The sling bullet closely misses the black bear.
The black bear bites you. The black bear closely misses you.
The black bear claws you but does no damage.
You shoot a sling bullet.
The sling bullet hits the black bear but does no damage.
The black bear is heavily wounded.
The black bear misses you.
The black bear claws you but does no damage.
The black bear closely misses you.
An orc comes into view. It is wielding a +0 whip.
The black bear bites you but does no damage.
The black bear claws you but does no damage. x2
You shoot a sling bullet.
The sling bullet closely misses the black bear.
The black bear bites you. The black bear claws you.
The black bear claws you but does no damage.
1767 ||| READING scroll of teleportation.
As you read the scroll of teleportation, it crumbles to dust.
You feel strangely unstable. The black bear barely misses you.
The black bear claws you but does no damage. x2
You shoot a sling bullet.
The sling bullet barely misses the black bear.
The black bear bites you but does no damage.
The black bear claws you but does no damage. x2
You shoot a sling bullet.
The sling bullet closely misses the black bear.
The black bear closely misses you.
The black bear claws you but does no damage. x2
The black bear misses you.
The black bear claws you but does no damage.
The black bear barely misses you.
You shoot a sling bullet.
The sling bullet barely misses the black bear.
The black bear bites you.
You die...

#.......### #.......#.+
...# #.......#.# ...##
##.......#.# ....###
#........#.# )......
#........#'#####.......
#..............#.......
#...............h......
#....###.......@o......
#....# #######......###
##....# #......#
#....## #......+ ..####
#......# ...# #......#
##.# ######... # .# ...
##+## .)


You could see a black bear and an orc.

Vanquished Creatures
  A hound (D:2)
  3 gnolls (D:2)
  2 adders
  A worm (D:2)
  2 dart slugs (D:1)
  8 ball pythons
  5 endoplasms
  3 giant cockroaches
  4 goblins
  3 hobgoblins
  7 jackals (D:1)
  9 kobolds
  2 quokkas (D:1)
  6 bats
  3 frilled lizards
  3 rats
62 creatures vanquished.

Notes
Turn   | Place    | Note
-------+----------+-------------------------------------------
     0 | D:1      | qw the Gargoyle Hexslinger began the quest for the Orb.
     0 | D:1      | Reached XP level 1. HP: 12/12 MP: 2/2
     0 | D:1      | 0 ||| qw: Version: 0.3-a-46-gb1f654a
     0 | D:1      | 0 ||| qw: Game counter: 3526
     0 | D:1      | 0 ||| qw: Melee chars always use a shield: true
     0 | D:1      | 0 ||| qw: God list: Okawaru
     0 | D:1      | 0 ||| qw: Allow faded altars: false
     0 | D:1      | 0 ||| qw: Do Orc after clearing Dungeon:15 true
     0 | D:1      | 0 ||| qw: Do second Lair branch before Depths: true
     0 | D:1      | 0 ||| qw: Lair rune preference: random
     0 | D:1      | 0 ||| qw: Goals: Normal
     0 | D:1      | 0 ||| PLANNING D:1-11
   168 | D:1      | Reached XP level 2. HP: 16/16 MP: 3/3
   218 | D:1      | Reached skill level 3 in Ranged Weapons
   324 | D:1      | Found a faded altar of an unknown god.
   496 | D:1      | Reached XP level 3. HP: 19/21 MP: 4/4
   749 | D:1      | 749 ||| UPGRADING to +0 ring mail.
   759 | D:1      | 759 ||| DROPPING +0 robe.
   760 | D:1      | 760 ||| UPGRADING to +0 pair of gloves.
   765 | D:1      | 765 ||| READING scroll labelled DUSODAGEPT.
   768 | D:1      | 768 ||| DRINKING 3 silvery potions.
   769 | D:1      | 769 ||| DROPPING scroll of poison.
   806 | D:2      | Found a runed translucent door.
   807 | D:2      | Noticed Crazy Yiuf
  1101 | D:2      | 1101 ||| Stepping ~*~*~tactically~*~*~ (outnumbered).
  1104 | D:2      | Reached skill level 1 in Armour
  1104 | D:2      | Reached XP level 4. HP: 26/26 MP: 5/5
  1274 | D:2      | Reached skill level 4 in Ranged Weapons
  1392 | D:2      | Reached XP level 5. HP: 22/30 MP: 6/6
  1565 | D:2      | 1565 ||| READING scroll labelled TAAMAPH SAASINK.
  1566 | D:2      | 1566 ||| READING scroll labelled XITSIRPHEOFROE.
  1567 | D:2      | 1567 ||| READING scroll labelled GYUK IMNUM.
  1746 | D:3      | Noticed a black bear
  1766 | D:3      | HP: 7/30 [black bear (5)]
  1766 | D:3      | HP: 3/30 [black bear (4)]
  1767 | D:3      | 1767 ||| READING scroll of teleportation.
  1770 | D:3      | Slain by a black bear

Levels and vault maps discovered:
D:1:      nicolae_arrival_memento_mori, layout_loops_ring,
          shapermc_ecumenical_altar_petra, minmay_box_of_dots
D:2:      layout_loops_cross, nicolae_grassy_gnolls, uniq_crazy_yiuf_cottage
D:3:      cheibrodos_helix_gallery, layout_basic, minmay_close_crescents

Skill      XL: |  1  2  3  4 |
---------------+-------------+-----
Ranged Weapons | 3 4 |  4.8
Fighting       | 2 |  2.0
Armour         | 1 |  1.5
Dodging        | |  1.5
Spellcasting   | |  1.0
Hexes          | |  2.6

Action                     |  1- 3 |  4- 6 || total
---------------------------+-------+-------++-------
   Fire: Sling             |   159 |   124 ||   283
    Use: Scroll            |     1 |     4 ||     5
         Potion            |     1 |       ||     1
 Armour: Robe              |    42 |       ||    42
         Ring mail         |    10 |   100 ||   110
  Dodge: Dodged            |    67 |    70 ||   137

Table legend:
 A = Non-vault XP
 B = Vault XP
 C = Vault XP percentage of total XP
 D = Non-vault monster count
 E = Vault monster count
 F = Vault count percentage of total count
                 A         B        C        D         E       F
            +---------+---------+-------+---------+---------+-------
      Total |     173 |      46 |  21.0 |      57 |       5 |   8.1
            +---------+---------+-------+---------+---------+-------
        D:1 |      58 |       3 |   4.9 |      31 |       2 |   6.1
        D:2 |      91 |      43 |  32.1 |      19 |       3 |  13.6
        D:3 |      24 |       0 |   0.0 |       7 |       0 |   0.0
            +---------+---------+-------+---------+---------+-------
